IL
FRESNO GRIZZLIES @ ROUND ROCK EXPRESS
07/20/2049
 
TOP OF THE 1ST
Tacoma Rainiers batting - Pitching for Round Rock Express : RHP Andy Lee
Pitching: RHP Andy Lee
Batting: RHB Jim Rogers 0-0: Called Strike
0-1: Foul Ball, location: 2F
0-2: Ball
1-2: Ball
2-2: Foul Ball, location: 2F
2-2: Ground out 5-3 (Groundball, 56S, EV 70.6 MPH)
Batting: SHB Chun-mei Law 0-0: Ball
1-0: Ball
2-0: Called Strike
2-1: Ground out 4-3 (Groundball, 4, EV 96.3 MPH)
Batting: LHB Gerardo Flores 0-0: Ball
1-0: Ground out 5-3 (Groundball, 5D, EV 100.0 MPH)
Top of the 1st over - 0 runs, 0 hits, 0 errors, 0 left on base; Tacoma 0 - Round Rock 0
BOTTOM OF THE 1ST
Round Rock Express batting - Pitching for Tacoma Rainiers : LHP Valery Sahanov
Pitching: LHP Valery Sahanov
Batting: SHB Vince Ealy 0-0: Foul Ball, location: 2F
0-1: Ball
1-1: Bunt missed!
1-2: Foul Ball, location: 2F
1-2: Foul Ball, location: 2F
1-2: Foul Ball, location: 2F
1-2: Ground out U3 (Groundball, 34, EV 103.8 MPH)
Batting: RHB Rich Stinson 0-0: Called Strike
0-1: Foul Ball, location: 2F
0-2: Ground out 4-3 (Groundball, 34, EV 86.3 MPH)
Batting: RHB Liu-liang Lei 0-0: Foul Ball, location: 2F
0-1: Ball
1-1: Ball
2-1: Fly out, F8 (Flyball, 8RM, EV 78.8 MPH)
Bottom of the 1st over - 0 runs, 0 hits, 0 errors, 0 left on base; Tacoma 0 - Round Rock 0
TOP OF THE 2ND
Tacoma Rainiers batting - Pitching for Round Rock Express : RHP Andy Lee
Batting: LHB Tyler Cooley 0-0: Called Strike
0-1: Ball
1-1: Fly out, F8 (Flyball, 89XD, EV 88.8 MPH)
Batting: SHB Roger Davenport 0-0: Foul Ball, location: 2F
0-1: Called Strike
0-2: Strikes out swinging
Batting: RHB Josh Ferguson 0-0: Ball
1-0: Ball
2-0: Ball
3-0: Called Strike
3-1: Foul Ball, location: 2F
3-2: Fly out, F7 (Line Drive, 7, EV 105.0 MPH)
Top of the 2nd over - 0 runs, 0 hits, 0 errors, 0 left on base; Tacoma 0 - Round Rock 0
BOTTOM OF THE 2ND
Round Rock Express batting - Pitching for Tacoma Rainiers : LHP Valery Sahanov
Batting: RHB Jake Lang 0-0: Called Strike
0-1: Foul Ball, location: 2F
0-2: Ball
1-2: Ground out 6-3 (Groundball, 6, EV 79.4 MPH)
Batting: LHB Wang-fen Tang 0-0: Ball
1-0: Ball
2-0: Foul Ball, location: 2F
2-1: Ball
3-1: Base on Balls
Batting: RHB Mehmet Bloch 0-0: Ball
1-0: Foul Ball, location: 2F
1-1: Ball
2-1: Fly out, F9 (Flyball, 9S, EV 98.1 MPH)
Batting: RHB Matt Wheaton 0-0: Ball
1-0: Ball
2-0: Called Strike
2-1: Fly out, F9 (Flyball, 9S, EV 75.0 MPH)
Bottom of the 2nd over - 0 runs, 0 hits, 0 errors, 1 left on base; Tacoma 0 - Round Rock 0
TOP OF THE 3RD
Tacoma Rainiers batting - Pitching for Round Rock Express : RHP Andy Lee
Batting: RHB Jose Soto 0-0: Called Strike
0-1: Ball
1-1: Swinging Strike
1-2: Ball
2-2: Ball
3-2: Fly out, F9 (Flyball, 9, EV 86.9 MPH)
Batting: SHB Ian Finley 0-0: Ball
1-0: Ball
2-0: Swinging Strike
2-1: Swinging Strike
2-2: Ball
3-2: Strikes out swinging
Batting: RHB Chris Kazanjian 0-0: Ball
1-0: Ball
2-0: Ground out 5-3 (Groundball, 56S, EV 83.1 MPH)
Top of the 3rd over - 0 runs, 0 hits, 0 errors, 0 left on base; Tacoma 0 - Round Rock 0
BOTTOM OF THE 3RD
Round Rock Express batting - Pitching for Tacoma Rainiers : LHP Valery Sahanov
Batting: RHB C.J. Sagle 0-0: SINGLE (Line Drive, 9S, EV 90.0 MPH)
Batting: RHB Jose Aviles 0-0: Ball
1-0: Ball
2-0: Foul Ball, location: 2F
2-1: Called Strike
2-2: Strikes out swinging
Batting: SHB Vince Ealy 0-0: Ball
C.J. Sagle is caught stealing 2nd base 2-4
1-0: Ball
2-0: Called Strike
2-1: Foul Ball, location: 2F
2-2: Ball
3-2: Strikes out swinging
Bottom of the 3rd over - 0 runs, 1 hit, 0 errors, 0 left on base; Tacoma 0 - Round Rock 0
TOP OF THE 4TH
Tacoma Rainiers batting - Pitching for Round Rock Express : RHP Andy Lee
Batting: RHB Jim Rogers 0-0: Fly out, F9 (Flyball, 9S, EV 93.1 MPH)
Batting: SHB Chun-mei Law 0-0: Called Strike
0-1: Swinging Strike
0-2: Foul Ball, location: 2F
0-2: Foul Ball, location: 2F
0-2: Ball
1-2: Strikes out swinging
Batting: LHB Gerardo Flores 0-0: Called Strike
0-1: Ball
1-1: Foul Ball, location: 2F
1-2: Ground out 6-3 (Groundball, 6M, EV 108.1 MPH)
Top of the 4th over - 0 runs, 0 hits, 0 errors, 0 left on base; Tacoma 0 - Round Rock 0
BOTTOM OF THE 4TH
Round Rock Express batting - Pitching for Tacoma Rainiers : LHP Valery Sahanov
Batting: RHB Rich Stinson 0-0: Foul Ball, location: 2F
0-1: Ball
1-1: Ball
2-1: Foul Ball, location: 2F
2-2: Fly out, F9 (Flyball, 9, EV 86.9 MPH)
Batting: RHB Liu-liang Lei 0-0: Ball
1-0: Ball
2-0: Called Strike
2-1: Ball
3-1: Swinging Strike
3-2: Base on Balls
Batting: RHB Jake Lang 0-0: Ball
1-0: Fly out, F8 (Flyball, 8LS, EV 89.4 MPH)
Batting: LHB Wang-fen Tang 0-0: Ball
1-0: Called Strike
1-1: Foul Ball, location: 2F
1-2: Ball
2-2: Strikes out looking
Bottom of the 4th over - 0 runs, 0 hits, 0 errors, 1 left on base; Tacoma 0 - Round Rock 0
TOP OF THE 5TH
Tacoma Rainiers batting - Pitching for Round Rock Express : RHP Andy Lee
Batting: LHB Tyler Cooley 0-0: Ball
1-0: Fly out, F8 (Flyball, 8RM, EV 88.1 MPH)
Batting: SHB Roger Davenport 0-0: Foul Ball, location: 2F
0-1: Ball
1-1: Ball
2-1: Foul Ball, location: 2F
2-2: Foul Ball, location: 2F
2-2: Strikes out looking
Batting: RHB Josh Ferguson 0-0: SINGLE (Groundball, 56D, EV 108.8 MPH)
Batting: RHB Jose Soto 0-0: Ball
1-0: Called Strike
1-1: Foul Ball, location: 2F
1-2: SINGLE (Groundball, 4MD, EV 93.8 MPH)
Josh Ferguson to second
Throwing error, E8
Josh Ferguson scores
Jose Soto to second
Batting: SHB Ian Finley 0-0: Called Strike
0-1: Ball
1-1: Called Strike
1-2: Foul Ball, location: 2F
1-2: Ball
2-2: SINGLE (Groundball, 34S, EV 66.9 MPH) (infield hit)
Jose Soto to third
Batting: RHB Chris Kazanjian 0-0: Ball
1-0: Ground out 6-3 (Groundball, 6S, EV 59.4 MPH)
Top of the 5th over - 1 run, 3 hits, 1 error, 2 left on base; Tacoma 1 - Round Rock 0
BOTTOM OF THE 5TH
Round Rock Express batting - Pitching for Tacoma Rainiers : LHP Valery Sahanov
Batting: RHB Mehmet Bloch 0-0: Ball
1-0: Ball
2-0: Reached on error, E5 (Groundball, 56, EV 105.6 MPH)
Batting: RHB Matt Wheaton 0-0: Called Strike
0-1: Fly out, F8 (Line Drive, 8RD, EV 96.9 MPH)
Batting: RHB C.J. Sagle 0-0: Ball
1-0: Ball
2-0: Foul Ball, location: 2F
2-1: Fly out, F9 (Flyball, 9, EV 90.0 MPH)
Batting: RHB Jose Aviles 0-0: Ball
1-0: 2-RUN HOME RUN (Flyball, 7LD, EV 98.8 MPH), Distance : 389 ft
Batting: SHB Vince Ealy 0-0: Fly out, F8 (Flyball, 8LXD, EV 93.8 MPH)
Bottom of the 5th over - 2 runs, 1 hit, 1 error, 0 left on base; Tacoma 1 - Round Rock 2
TOP OF THE 6TH
Tacoma Rainiers batting - Pitching for Round Rock Express : RHP Andy Lee
Batting: RHB Jim Rogers 0-0: Ground out 6-3 (Groundball, 6, EV 103.8 MPH)
Batting: SHB Chun-mei Law 0-0: Ball
1-0: Ground out U3 (Groundball, 34, EV 89.4 MPH)
Batting: LHB Gerardo Flores 0-0: Ball
1-0: Called Strike
1-1: Foul Ball, location: 2F
1-2: Fly out, F9 (Flyball, 9, EV 86.9 MPH)
Top of the 6th over - 0 runs, 0 hits, 0 errors, 0 left on base; Tacoma 1 - Round Rock 2
BOTTOM OF THE 6TH
Round Rock Express batting - Pitching for Tacoma Rainiers : LHP Valery Sahanov
Batting: RHB Rich Stinson 0-0: Ball
1-0: Foul Ball, location: 2F
1-1: Ball
2-1: Ball
3-1: Base on Balls
Batting: RHB Liu-liang Lei 0-0: 2-RUN HOME RUN (Line Drive, 78XD, EV 101.3 MPH), Distance : 437 ft
Batting: RHB Jake Lang 0-0: Ball
1-0: Ball
2-0: Ball
3-0: Base on Balls
Batting: LHB Wang-fen Tang 0-0: Fielders Choice at 2nd, 3-6 (Groundball, 34S, EV 86.9 MPH)
Batting: RHB Mehmet Bloch 0-0: Called Strike
0-1: Grounds into double play, 5-4-3 (Groundball, 56S, EV 91.9 MPH)
Bottom of the 6th over - 2 runs, 1 hit, 0 errors, 0 left on base; Tacoma 1 - Round Rock 4
TOP OF THE 7TH
Tacoma Rainiers batting - Pitching for Round Rock Express : RHP Andy Lee
Batting: LHB Tyler Cooley 0-0: Ball
1-0: Ball
2-0: Called Strike
2-1: Called Strike
2-2: Strikes out swinging
Batting: SHB Roger Davenport 0-0: Called Strike
0-1: Foul Ball, location: 2F
0-2: DOUBLE (Groundball, 3L, EV 101.9 MPH)
Batting: RHB Josh Ferguson 0-0: Foul Ball, location: 2F
0-1: Ball
1-1: Ball
2-1: Foul Ball, location: 2F
2-2: Foul Ball, location: 2F
2-2: Ground out 5-3 (Groundball, 56S, EV 83.8 MPH)
Batting: RHB Jose Soto 0-0: Called Strike
0-1: Swinging Strike
0-2: Ball
1-2: SINGLE (Line Drive, 8RS, EV 105.0 MPH)
Roger Davenport to third
Runner from 3rd tries for Home, throw by CF and OUT! 8-2
Top of the 7th over - 0 runs, 2 hits, 0 errors, 1 left on base; Tacoma 1 - Round Rock 4
BOTTOM OF THE 7TH
Round Rock Express batting - Pitching for Tacoma Rainiers : LHP Valery Sahanov
Pitching: RHP John Moreschi
Batting: RHB Matt Wheaton 0-0: Called Strike
0-1: Called Strike
0-2: Foul Ball, location: 2F
0-2: Foul Ball, location: 2F
0-2: Ball
1-2: SINGLE (Line Drive, 4M, EV 106.9 MPH)
Batting: RHB C.J. Sagle 0-0: Ball
1-0: Ball
Matt Wheaton steals 2nd base
2-0: Bunt missed!
2-1: Bunt missed!
2-2: Strikes out swinging
Batting: RHB Jose Aviles 0-0: Foul Ball, location: 2F
0-1: Foul Ball, location: 2F
0-2: Strikes out looking
Batting: SHB Vince Ealy 0-0: Called Strike
0-1: Ball
1-1: DOUBLE (Groundball, 5L, EV 104.4 MPH)
Matt Wheaton scores
Batting: RHB Rich Stinson 0-0: Ball
Vince Ealy steals 3rd base
1-0: Foul Ball, location: 2F
1-1: Swinging Strike
1-2: Ball
2-2: Strikes out looking
Bottom of the 7th over - 1 run, 2 hits, 0 errors, 1 left on base; Tacoma 1 - Round Rock 5
TOP OF THE 8TH
Tacoma Rainiers batting - Pitching for Round Rock Express : RHP Andy Lee
Pitching: LHP Chris Hanson
Batting: SHB Ian Finley 0-0: Called Strike
0-1: Swinging Strike
0-2: Foul Ball, location: 2F
0-2: Ground out 5-3 (Groundball, 56, EV 95.6 MPH)
Batting: RHB Chris Kazanjian 0-0: Ground out 5-3 (Groundball, 56, EV 103.1 MPH)
Batting: RHB Jim Rogers 0-0: Called Strike
0-1: Ball
1-1: Called Strike
1-2: DOUBLE (Groundball, 3L, EV 95.6 MPH)
Batting: SHB Chun-mei Law 0-0: Foul Ball, location: 2F
0-1: Ball
1-1: Ground out 6-3 (Groundball, 6MS, EV 86.3 MPH)
Top of the 8th over - 0 runs, 1 hit, 0 errors, 1 left on base; Tacoma 1 - Round Rock 5
BOTTOM OF THE 8TH
Round Rock Express batting - Pitching for Tacoma Rainiers : RHP John Moreschi
Pitching: LHP Francisco Lucero
Batting: RHB Liu-liang Lei 0-0: Foul Ball, location: 2F
0-1: Swinging Strike
0-2: SINGLE (Groundball, 5D, EV 102.5 MPH)
Batting: RHB Jake Lang 0-0: Ball
1-0: Fielders Choice at 2nd, 5-4 (Groundball, 56, EV 111.3 MPH)
Batting: LHB Wang-fen Tang 0-0: Foul Ball, location: 2F
0-1: Ball
1-1: Ball
2-1: Foul Ball, location: 2F
2-2: Ball
3-2: Base on Balls
Jake Lang to second
Batting: RHB Mehmet Bloch 0-0: Swinging Strike
0-1: Ball
1-1: Ball
2-1: Grounds into double play, 4-6-3 (Groundball, 4M, EV 81.3 MPH)
Bottom of the 8th over - 0 runs, 1 hit, 0 errors, 1 left on base; Tacoma 1 - Round Rock 5
TOP OF THE 9TH
Tacoma Rainiers batting - Pitching for Round Rock Express : LHP Chris Hanson
Batting: LHB Gerardo Flores 0-0: Ground out 1-3 (Groundball, P, EV 68.8 MPH)
Batting: LHB Tyler Cooley 0-0: Ground out 3-1 (Groundball, 23, EV 82.5 MPH)
Batting: SHB Roger Davenport 0-0: Fly out, F7 (Flyball, 78M, EV 89.4 MPH)
Top of the 9th over - 0 runs, 0 hits, 0 errors, 0 left on base; Tacoma 1 - Round Rock 5
Sunday, July 16th , 2023 - OOTP Baseball 24.6 Build 69